Map: Catallena LE (Void)

Players

Stats

  • Race: Protoss Protoss
  • Spawn Location: 9:00

Snute - Winner!

  • Race: Zerg Zerg
  • Spawn Location: 5:00

Event: 2017 WCS Global Finals

VOD

Have the link to the VOD?

Description

Time

  • Played on: Oct. 27, 2017, 5:10 p.m.
  • Length: 8:00

All games in this series

Show
View Real Time Build Order
Export as new Build Order

Stats Protoss 

Build Orders: 1 Gate Expand, Oracle Opening, Zealot Archon 

Get SALT Encoding   

  12  0:00  Probe (Chrono Boost)  
  13  0:11  Probe (Chrono Boost)  
  14  0:22  Pylon  
  14  0:23  Probe (Chrono Boost)  
  15  0:40  Probe (Chrono Boost)  
  15  0:41  Gateway  
  16  0:47  Assimilator  
  16  0:51  Probe (Chrono Boost)  
  17  1:01  Probe (Chrono Boost)  
  18  1:12  Probe (Chrono Boost)  
  19  1:22  Probe (Chrono Boost)  
  20  1:28  Nexus  
  20  1:38  Cybernetics Core  
  20  1:41  Probe (Chrono Boost)  
  21  1:48  Assimilator  
  21  1:52  Probe (Chrono Boost)  
  22  1:57  Pylon  
  22  2:02  Probe (Chrono Boost)  
  23  2:15  Adept (Chrono Boost), Probe  
  26  2:22  Stargate  
  26  2:27  Probe  
  27  2:30  Warp Gate  
  27  2:39  Adept (Chrono Boost), Probe x2  
  31  2:50  Probe  
  31  2:51  Probe  
  33  3:00  Probe  
  33  3:02  Adept (Chrono Boost)  
  33  3:03  Probe  
  37  3:07  Oracle (Chrono Boost)  
  37  3:11  Probe  
  40  3:15  Probe  
  42  3:21  Probe  
  43  3:27  Pylon  
  43  3:28  Probe  
  43  3:32  Probe, Pylon  
  45  3:40  Probe  
  46  3:45  Oracle (Chrono Boost), Probe  
  46  3:52  Probe  
  46  3:53  Gateway  
  47  3:55  Gateway  
  46  4:05  Probe  
  46  4:06  Probe  
  48  4:11  Assimilator  
  48  4:13  Assimilator  
  48  4:21  Phoenix (Chrono Boost), Probe  
  48  4:22  Probe  
  52  4:26  Twilight Council  
  52  4:29  Forge  
  52  4:33  Probe, Robotics Facility  
  52  4:35  Probe  
  54  4:41  Pylon  
  54  4:48  Probe  
  54  4:50  Mothership Core  
  54  4:52  Adept x2  
  61  4:53  Pylon  
  61  4:56  Pylon  
  61  5:00  Adept, Pylon  
  61  5:07  Protoss Ground Weapons Level 1 (Chrono Boost)  
  63  5:09  Templar Archives  
  63  5:21  Warp Prism (Chrono Boost)  
  65  5:28  Gateway  
  65  5:34  Nexus  
  65  5:42  Charge  
  65  5:54  Pylon  
  65  5:59  Gateway  
  65  6:02  Warp Prism (Chrono Boost)  
  65  6:03  Gateway  
  67  6:06  Probe x2  
  67  6:07  Pylon  
  69  6:13  High Templar x2, Zealot  
  74  6:22  Archon  
  74  6:27  Probe x2  
  74  6:29  Zealot  
  77  6:34  Pylon  
  77  6:35  Pylon  
  77  6:40  Nexus  
  77  6:49  High Templar  
  77  6:50  High Templar x3  
  85  6:54  Pylon x2  
  85  6:57  Archon x2  
  85  6:59  Zealot x2  
  89  7:01  Gateway x2  
  87  7:21  Zealot x2  
  87  7:22  Zealot x2  
  89  7:23  Zealot  
  89  7:24  Zealot  
  68  7:42  Zealot  
  68  7:43  Zealot  
  68  7:45  High Templar x2  
  68  7:46  Zealot  
  68  7:49  Archon  
  70  7:51  Zealot  
Show
View Real Time Build Order
Export as new Build Order

Snute Zerg - Winner!

Build Orders: Hatch First 

Get SALT Encoding   

  12  0:00  Drone  
  13  0:12  Overlord  
  13  0:17  Drone  
  14  0:30  Drone x2  
  14  0:34  Drone  
  17  0:51  Hatchery  
  17  0:54  Drone  
  17  0:57  Drone  
  17  1:01  Extractor  
  17  1:12  Spawning Pool  
  17  1:15  Drone  
  17  1:19  Drone  
  18  1:27  Drone  
  19  1:38  Overlord  
  19  1:49  Drone  
  20  1:59  Queen  
  22  2:01  Zergling x2  
  22  2:04  Queen, Metabolic Boost  
  25  2:08  Drone  
  25  2:10  Drone  
  25  2:13  Drone  
  28  2:21  Drone  
  29  2:24  Drone  
  30  2:32  Drone  
  31  2:39  Hatchery  
  31  2:42  Drone  
  31  2:44  Overlord  
  31  2:49  Queen  
  33  2:52  Drone  
  33  2:53  Drone  
  33  2:56  Drone  
  36  3:04  Zergling x2  
  37  3:08  Drone x4  
  41  3:13  Overlord  
  41  3:14  Drone x2  
  41  3:16  Drone  
  44  3:21  Overlord  
  44  3:33  Drone x2  
  46  3:40  Drone x3  
  48  3:41  Drone x2  
  48  3:44  Spore Crawler  
  46  3:51  Drone x2  
  46  3:53  Queen  
  46  3:54  Overlord  
  50  3:56  Drone x3  
  50  4:04  Drone x2  
  50  4:06  Drone  
  52  4:11  Spore Crawler  
  52  4:13  Drone x2  
  52  4:16  Drone  
  51  4:21  Lair  
  51  4:23  Drone x3  
  53  4:25  Drone  
  53  4:28  Drone  
  53  4:29  Spore Crawler  
  54  4:32  Drone  
  54  4:33  Drone  
  54  4:35  Extractor  
  54  4:37  Drone  
  54  4:38  Extractor x2, Drone  
  55  4:40  Drone  
  55  4:43  Drone  
  55  4:44  Drone  
  55  4:45  Drone  
  59  4:49  Drone  
  60  4:54  Overlord  
  60  4:57  Zergling x6  
  60  4:59  Baneling Nest  
  63  5:02  Zergling x2  
  63  5:03  Zergling x6  
  63  5:05  Zergling x2  
  63  5:06  Zergling x2  
  69  5:08  Overlord  
  69  5:13  Zergling x2  
  69  5:14  Zergling x6  
  73  5:20  Zergling x2  
  71  5:21  Hydralisk Den  
  71  5:25  Zergling x6  
  71  5:26  Zergling x2  
  74  5:44  Overlord  
  74  5:45  Overlord x2  
  74  5:52  Muscular Augments, Hydralisk x4  
  81  5:57  Overlord  
  81  6:01  Overlord  
  81  6:04  Hydralisk  
  83  6:11  Hydralisk  
  83  6:12  Hydralisk x2  
  83  6:29  Hydralisk  
  83  6:30  Hydralisk x2  
  83  6:32  Zergling x8  
  92  6:33  Zergling x2  
  93  6:42  Hydralisk x2  
  96  6:49  Hydralisk  
  96  6:52  Zergling x2  
  96  6:53  Zergling x8  
  103  6:57  Spine Crawler  
  103  6:58  Spine Crawler  
  101  7:04  Zergling x2  
  101  7:05  Zergling x6  
  102  7:17  Baneling x8  
  102  7:19  Zergling x2  
  102  7:20  Zergling x6  
  101  7:28  Zergling x2  
  101  7:29  Zergling x6  
  98  7:32  Zergling x2  
  98  7:33  Zergling x2  
Tags
 
Add a new tag
Caveats
  • Supply blocks, unpowered buildings, or Contaminate may cause inaccurate times.
  • Supply counts are checked every 10 seconds.